Unix NetHack Version 5.0.0-0 post-release - last build May 10 2026 23:12:36 (d1fa5d53e341ca933230fdaa984d921c805b60aa,branch:main).

Game began 2026-05-14 01:11:40, ended 2026-05-14 02:30:22.

Kwijibo4686, neutral female human Valkyrie

 -----------------------   ---------------------------             -----------
 |...|.........|.......|   |...|.....|...|.......|...|             |.........|
 |--.|.|...---.-----.|.-----.|.|...-.|.|.|.-----.---.---       ---.|.|.------|
 |...|.|...|.|.......|.......|.......|.|...|   |...|...|       ......|.*.....|
 |.---.|.--|.|.-----.|.-...---.-----%|.|----   ---.|.-.|   -----.----|------.|
 |.....|...|....%..|...........| |.....|        ...|...|   |.|...|...|.....|.|
 |.-.-----.|--.---g|.......-.---------.|----------.|.|%--- |.|.---.|.|.....-.|
 |.......|.|.....|.@e. ...........%|...|.........|...|...| |....*..|.|*....|*|
 |.---.---*|.....|Y-----.......---.|%--|.........|------.|-|.---.----------|.|
 |.|.......|..{..|.|...|.......| |.|...|..[[<.*..-.......|.|...|...........|.|
 |.|.-----.|.....|.|.|.|...---.--|.|---|.........|.-------.|.---.---------.|.|
 |.|.....|.|.....| |.|...........|.|^*.|.........|...| |...|.|...|.........|.|
 -------.-----.--- |*|--...-----.|.|.|.-------------.|--...|.|.--|.---------.|
  --|..|...|.*...| |.|....   |...|.|.|.%^..|...|..)..|....*..|.| |.....| |*.*|
  |.-..|--.|.---.| |.|.---   -----.|.|.---.|.-.|.-----.|...---.| -----.---.---
  |-|..|...|...|.. |...|       |...|.....|.....|.|.*.*.|.......|   |.......|
  |.-..|.-------.---.---       |...-----.|--.|.|.|...{.|------.|   ---------
  --|...........*....|         |.....*...| |.|.........|.......|
    ------------------         ----------- ---------------------
Kwijibo4686 the Fighter     St:25 Dx:12 Co:18 In:8 Wi:10 Ch:14  Neutral
Dlvl:13 $:0  HP:0(89) Pw:27(27) AC:-6 Xp:9 T:6492 

Latest messages:
 The gremlin hits!
 The gremlin hits again!
 The gremlin bites!
 The gremlin just misses!
 The ape hits!
 The ape hits again!
 The ape bites!
 The gremlin hits!
 The gremlin hits again!
 The gremlin bites!
 The gremlin misses!
 The ape misses!
 The ape hits!
 The ape bites!
 The gremlin hits!
 The gremlin just misses!
 The gremlin bites!
 The gremlin hits!
 The ape hits!
 The ape hits again!
 The ape misses!
 The gremlin hits!
 The gremlin misses!
 The gremlin bites!
 The gremlin hits!
 The ape misses!
 The ape hits!
 The ape bites!
 The gremlin hits!
 The gremlin hits again!
 The gremlin bites!
 The gremlin hits!
 The ape hits!
 The ape just misses!
 The ape bites!
 The gremlin hits!
 The gremlin hits again!
 The gremlin bites!
 The gremlin hits!
 The ape hits!
 The ape hits again!
 The ape bites!
 The gremlin hits!
 The gremlin hits again!
 You die...
 Do you want your possessions identified? [ynq] (y) y
 Do you want to see your attributes? [ynq] (y) y
 Do you want an account of creatures vanquished? [ynaq] (y) y
 Do you want to see your conduct and achievements? [ynq] (y) y
 Do you want to see the dungeon overview? [ynq] (y) y

Inventory:
 Weapons  (')')
  E - a +2 spear (weapon in right hand)
 Armor    ('[')
  G - an uncursed +0 dwarvish iron helm (being worn)
  p - an uncursed +0 pair of gauntlets of power (being worn)
  A - a blessed +1 pair of iron shoes (being worn)
  c - an uncursed rotted +3 small shield (being worn)
  R - an uncursed +0 cloak of protection (being worn)
  n - an uncursed +0 Hawaiian shirt with a tropical fish motif (being worn)
  H - an uncursed +1 ring mail (being worn)
 Scrolls  ('?')
  k - an uncursed scroll of remove curse
 Wands    ('/')
  i - a wand of digging (0:5)
  s - a wand of teleportation (0:5)
  l - a wand of teleportation (0:0)
 Tools    ('(')
  a - an uncursed bag of holding containing 32 items
  S - an uncursed sack containing 5 items
  v - an uncursed brass lantern
  N - an uncursed lock pick
 Gems/Stones  ('*')
  j - 2 uncursed flint stones

Contents of the bag of holding:
  803 gold pieces
  a cursed -2 pair of levitation boots
  an uncursed +0 mummy wrapping
  a blessed +0 dwarvish mithril-coat
  an uncursed slime mold
  an uncursed apple
  2 uncursed cream pies
  an uncursed fortune cookie
  3 uncursed lembas wafers
  an uncursed scroll of amnesia
  2 uncursed scrolls of create monster
  2 uncursed scrolls of enchant armor
  2 uncursed scrolls of fire
  an uncursed scroll of identify
  an uncursed scroll of magic mapping
  an uncursed spellbook of blank paper
  an uncursed spellbook of fireball
  a blessed spellbook of healing
  an uncursed spellbook of invisibility
  an uncursed spellbook of sleep
  an uncursed potion of gain energy
  an uncursed potion of paralysis
  an uncursed potion of sleeping
  an uncursed ring of invisibility
  an uncursed ring of shock resistance
  an empty uncursed sack
  a magic marker (0:32)
  a +0 pick-axe
  an uncursed skeleton key
  an uncursed tallow candle
  2 uncursed wax candles
  an uncursed worthless piece of orange glass

Contents of the sack:
  a blessed wand of magic missile (0:4)
  a wand of magic missile (0:3)
  a wand of sleep (0:5)
  a wand of teleportation (0:8)
  a wand of teleportation (0:6)

Kwijibo4686 the Valkyrie's attributes:

Background:
 You were a Fighter, a level 9 human Valkyrie.
 You were neutral, on a mission for Odin
 who was opposed by Tyr (lawful) and Loki (chaotic).
 You were right-handed.
 You were in the Gnomish Mines, on level 13.
 You entered the dungeon 6492 turns ago.
 It was nighttime.
 You had 3479 experience points, 1641 more were needed to attain level 10.

Basics:
 You had 0 out of 89 hit points.
 You had all 27 energy points (spell power).
 Your armor class was -6.
 Your wallet was empty, but
 you had 803 zorkmids stashed away in your pack.
 Autopickup was on for '$?!/="' plus thrown.

Final Characteristics:
 Your strength was 25 (base:18, innate limit:18/100).
 Your dexterity was 12 (limit:18).
 Your constitution was 18 (limit:18).
 Your intelligence was 8 (limit:18).
 Your wisdom was 10 (limit:18).
 Your charisma was 14 (limit:18).

Final Status:
 You weren't hungry.
 You were unencumbered.
 You were wielding a spear.
 You were skilled in spear and could have enhanced that.

Final Attributes:
 You were piously aligned.
 You were cold resistant.
 You were stealthy.
 You were protected.
 You are dead.

Miscellaneous:
 You encountered 1 bones level.
 Total elapsed playing time was 1 hour, 9 minutes and 2 seconds.

Major events:
 Turn
    1: Kwijibo4686 the neutral human Valkyrie entered the dungeon
  511: attained the rank of Skirmisher (level 3)
 1338: entered the Gnomish Mines
 2021: attained the rank of Fighter (level 6)
 2195: reached Mine Town
 6492: killed by a gremlin, while frozen by a floating eye's gaze

You didn't know any spells.

Skills:
 Fighting Skills
   bare handed combat [Unskilled]
   two weapon combat  [Unskilled]
   riding             [Unskilled]
 Weapon Skills
   dagger             [Basic]
   axe                [Unskilled]
   pick-axe           [Unskilled]
   short sword        [Unskilled]
   broadsword         [Unskilled]
   long sword         [Unskilled]
   two-handed sword   [Unskilled]
   saber              [Unskilled]
   hammer             [Unskilled]
   quarterstaff       [Unskilled]
   polearms           [Unskilled]
   spear              [Skilled]
   trident            [Unskilled]
   lance              [Unskilled]
   sling              [Unskilled]
 Spellcasting Skills
   attack spells      [Unskilled]
   escape spells      [Unskilled]

Voluntary challenges:
 Character rerolling was not enabled.
 You never genocided any monsters.
 You never polymorphed an object.
 You never changed form.
 You used no wishes.
Achievements:
 You attained the rank of Skirmisher.
 You entered a shop.
 You entered the Gnomish Mines.
 You attained the rank of Fighter.
 You entered Minetown.
 You entered a temple.

 The Dungeons of Doom: levels 1 to 5
    Level 1:
    Level 2:
       An armor shop.
    Level 3:
       Many trees.
    Level 4:
       Some altars, a fountain, a sink.
       Stairs down to The Gnomish Mines.
    Level 5:
 The Gnomish Mines: levels 5 to 13
    Level 5:
    Level 6:
    Level 7:
       Many shops, a temple and an altar, some fountains, a grave.
       Final resting place for
          BeardyHaddock-Arc-Gno-Mal-Neu, killed by a housecat.
    Level 8:
    Level 9:
    Level 10:
    Level 11:
    Level 12:
    Level 13: <- You were here.
       Some fountains.
       Final resting place for
          you, killed by a gremlin, while frozen by a floating eye's gaze.


Vanquished creatures:
  2 vampires
  2 large mimics
  a stalker
  a giant zombie
 an ettin mummy
  a freezing sphere
 an elf mummy
 an ettin zombie
  2 giant beetles
  2 gremlins
  a leprechaun
  2 giant spiders
  3 gnome rulers
  2 dwarf mummies
  4 brown puddings
  a werewolf
  2 gnome mummies
  2 apes
  3 human zombies
  2 bugbears
  a quasit
  a rock piercer
  a fog cloud
  a violet fungus
 12 gnome leaders
  2 gnomish wizards
 an elf zombie
  a straw golem
  6 giant ants
  a little dog
 21 dwarves
  a homunculus
  a kobold leader
  a hill orc
  4 rothes
  a rabid rat
  a monkey
  2 orc zombies
  7 dwarf zombies
  a wererat
  a werejackal
  2 iguanas
  a killer bee
 an acid blob
  4 hobbits
  5 giant rats
  4 cave spiders
  a brown mold
  3 yellow molds
  a green mold
  a red mold
 51 gnomes
  a gecko
  6 jackals
  4 foxes
  2 kobolds
  5 goblins
  4 sewer rats
  6 grid bugs
  5 lichens
 10 newts
221 creatures vanquished.

No species were genocided or became extinct.

Game over:
                       ----------
                      /          \
                     /    REST    \
                    /      IN      \
                   /     PEACE      \
                  /                  \
                  |   Kwijibo4686    |
                  |      803 Au      |
                  |   killed by a    |
                  |     gremlin      |
                  |                  |
                  |                  |
                  |       2026       |
                 *|     *  *  *      | *
        _________)/\\_//(\/(/\)/\//\/|_)_______

Farvel Kwijibo4686 the Valkyrie...

You died in The Gnomish Mines on dungeon level 13 with 15249 points,
and 803 pieces of gold, after 6492 moves.
You were level 9 with a maximum of 89 hit points when you died.

